 Dungeon Crawl Stone Soup version 0.31-a0-523-g071a6c1ffa (webtiles) character file.

Game seed: 3088355069094933319

104 Gargoyl the Trooper (level 4, -3/43 HPs)
             Began as a Gargoyle Berserker on Aug 11, 2023.
             Was a Follower of Trog.
             Slain by an orc priest
             ... wielding a +0 hand axe
              (4 damage)
             ... on level 3 of the Dungeon.
             The game lasted 00:02:09 (1444 turns).

Gargoyl the Trooper (Gargoyle Berserker)            Turns: 1444, Time: 00:02:09

Health: -3/43      AC: 11    Str: 21    XL:     4   Next: 80%
Magic:  4/4        EV: 11    Int:  7    God:    Trog [*.....]
Gold:   165        SH:  0    Dex: 11    Spells: 3/3 levels left

rFire   . . .        a - +0 hand axe
rCold   . . .        (no shield)
rNeg    + . .        h - +0 ring mail
rPois   ∞            m - +0 helmet
rElec   +            (no cloak)
rCorr   .            e - +0 pair of gloves
SInv    .            (no boots)
Will    .....        (no amulet) Stlth
                     (no ring)
HPRegen 0.27/turn    (no ring)
MPRegen 0.09/turn

%: no passive effects
@: berserking (expiring), very quick
A: sickness immunity, AC +3, negative energy resistance 1, electricity
resistance, torment resistance 1, petrification resistance
a: Renounce Religion, Berserk


You were on level 3 of the Dungeon.
You worshipped Trog.
Trog was aware of your devotion.
You visited 1 branch of the dungeon, and saw 3 of its levels.

You collected 165 gold pieces.

Inventory:

Hand Weapons
 a - a +0 hand axe (weapon)
Missiles
 l - 11 poisoned darts (quivered)
 o - a throwing net
Armour
 e - a +0 pair of gloves (worn)
 h - a +0 ring mail (worn)
 m - a +0 helmet (worn)
Scrolls
 b - 2 scrolls of teleportation {unknown}
 d - 4 scrolls of identify {unknown}
 n - a scroll of blinking {unknown}
 p - a scroll of revelation {unknown}
Potions
 c - a potion of lignification {unknown}
 f - a potion of might {unknown}
 g - 2 potions of heal wounds {unknown}
 i - a potion of brilliance {unknown}
 j - a potion of experience {unknown}
 k - 2 potions of curing {unknown}


   Skills:
 + Level 4.0 Fighting
 + Level 4.0 Axes
 + Level 2.7 Armour
 + Level 2.0 Dodging


You had 3 spell levels left.
You didn't know any spells.
Your spell library was empty.

Dungeon Overview and Level Annotations

Branches:
Dungeon (3/15)

Altars:


Innate Abilities, Weirdness & Mutations

You are immune to sickness and miasma.
Your stone body is resilient. (AC +3)
You are immune to poison.
You resist negative energy. (rN+)
You are resistant to electric shocks. (rElec)
You are resistant to unholy torment.
You are immune to petrification.


Message History

Beogh smites you!
Ouch! That really hurt!
The orc priest looks braver for a moment.
Okay, then.
You fail to use your ability.
The orc barely misses you.
You hit the orc but do no damage. The orc misses you.
An orc comes into view. It is wielding a +0 hand axe.
A red film seems to cover your vision as you go berserk!
You feel yourself moving faster!
You feel mighty! The orc hits you with a +0 flail.
An orc comes into view. It is wielding a +0 short sword.
The orc shouts!
You hit the orc.
The orc is almost dead.
You closely miss the orc.
The orc is almost dead.
The orc closely misses you.
The orc priest looks braver for a moment.
You hit the orc.
You kill the orc!
Trog accepts your kill.
The orc priest calls down the wrath of Beogh upon you.
Beogh smites you!
* * * LOW HITPOINT WARNING * * *
Your Axes skill increases to level 4!
You slash the orc!
You kill the orc!
Trog accepts your kill.
Unknown command.
Items here: )) [ ††.
Unknown command.
You hit the orc priest.
The orc priest is lightly wounded.
The orc priest hits you with a +0 hand axe.
* * * LOW HITPOINT WARNING * * *
You hit the orc priest.
The orc priest is heavily wounded.
You barely miss the orc priest.
The orc priest hits you with a +0 hand axe.
You die...

#.#.# #.#######
..B.# #.# ....# #.#
o..... #.# ......
#.# #o# #o######
#oo....# #@####.#
.. #####.####.#
....###.......##.#
............#.##.##
...###.#####.#...##
#.##..))..)..#
#.##.##)#)<.##
#.##.##.##.##
#:......####


You could see 2 orc priests and 2 orcs.

Vanquished Creatures
  4 gnolls (D:3)
  An adder (D:2)
  2 worms
  4 orcs (D:3)
  2 bats
  5 endoplasms
  4 giant cockroaches
  4 goblins
  3 hobgoblins
  6 jackals
  3 kobolds
  A frilled lizard (D:3)
  4 rats
43 creatures vanquished.

Notes
Turn   | Place    | Note
-------+----------+-------------------------------------------
     0 | D:1      | Gargoyl the Gargoyle Berserker began the quest for the Orb.
     0 | D:1      | Reached XP level 1. HP: 14/14 MP: 1/1
   169 | D:1      | Reached XP level 2. HP: 19/19 MP: 2/2
   719 | D:2      | Reached XP level 3. HP: 20/24 MP: 3/3
  1304 | D:3      | Reached XP level 4. HP: 29/29 MP: 4/4
  1415 | D:3      | Reached ** piety under Trog
  1443 | D:3      | HP: 1/43 [orc priest/+0 hand axe (3)]
  1444 | D:3      | Slain by an orc priest

Illustrated notes

Levels and vault maps discovered:
D:1:      ncdulo_halloftheorcs, layout_rooms
D:2:      layout_loops_ring, minmay_fractal_squares_5
D:3:      cheibrodos_pilgrimage, layout_loops_ring,
          hellmonk_ecumenical_altar_dog_temple, uniq_grinder

Skill      XL: |  1  2  3  4 |
---------------+-------------+-----
Axes           | 3 4 |  4.0
Dodging        | 2 |  2.0
Fighting       | 4 |  4.0
Armour         | |  2.7

Action                     |  1- 3 |  4- 6 || total
---------------------------+-------+-------++-------
  Melee: Hand axe          |    86 |    38 ||   124
         Punch             |     4 |       ||     4
 Invoke: Berserk           |     2 |     2 ||     4
         Trog's Hand       |       |     1 ||     1
 Armour: Animal skin       |     2 |       ||     2
         Ring mail         |    48 |    11 ||    59
  Dodge: Dodged            |    68 |    24 ||    92

Table legend: (Time is in decaauts)
 A = Elapsed time spent in this place.
 B = Non-inter-level travel time spent in this place.
 C = Inter-level travel time spent in this place.
 D = Time resting spent in this place.
 E = Time spent auto-exploring this place.
 F = Levels seen in this place.
 G = Mean time per level.
                   A        B        C        D        E       F      G
               +--------+--------+--------+--------+--------+-----+--------+
         Total |   1479 |   1438 |     41 |     28 |    987 |   3 |  493.0 |
       Dungeon |   1479 |   1438 |     41 |     28 |    987 |   3 |  493.0 |
               +--------+--------+--------+--------+--------+-----+--------+

Top non-repeatable levels by time:
     D:2: 807 daAuts
     D:1: 512 daAuts
     D:3: 160 daAuts
